 Dungeon Crawl Stone Soup version 0.23-a0-807-gd38242e (webtiles) character file.

25 DrEnzyme the Magician (level 2, -1/20 HPs)
             Began as a Mummy Wanderer on Jan 20, 2019.
             Slain by a hobgoblin (2 damage)
             ... on level 1 of the Dungeon.
             The game lasted 00:06:18 (2367 turns).

DrEnzyme the Magician (Mummy Wanderer)              Turns: 2367, Time: 00:06:18

Health: -1/20      AC:  2    Str: 14    XL:     2   Next: 82%
Magic:  5/8        EV: 11    Int: 11    God:
Gold:   62         SH:  0    Dex: 12    Spells: 4/11 levels left

rFire    x . .     SeeInvis .   f - +0 short sword
rCold    + . .     Gourm    .   (no shield)
rNeg     + + +     Faith    .   c - +0 robe
rPois    ∞         Spirit   .   (no helmet)
rElec    .         Reflect  .   (no cloak)
rCorr    .         Harm     .   (no gloves)
MR       .....                  (no boots)
Stlth    ++........             (no amulet)
HPRegen  0.06/turn              (no ring)
MPRegen  0.11/turn              (no ring)

@: very slightly contaminated
A: no food or potions, fire vulnerability, cold resistance 1, negative energy
resistance 3, torment resistance, unbreathing
a: no special abilities


You were on level 1 of the Dungeon.
You were not hungry.

You visited 1 branch of the dungeon, and saw 2 of its levels.

You collected 62 gold pieces.

Inventory:

Hand Weapons
 d - a +0 club
 f - a +0 short sword (weapon)
Missiles
 a - 21 poisoned needles
Armour
 c - a +0 robe (worn)
Scrolls
 b - 2 scrolls of fog {unknown}
 e - 4 scrolls of identify {unknown}
 g - a scroll of immolation {unknown}
 h - a scroll of remove curse {unknown}
 i - a scroll of blinking {unknown}


   Skills:
 * Level 0.9 Fighting
 - Level 1.0 Stealth
   Level 1.0 Shields
 + Level 5.0 Spellcasting
 + Level 0.2 Conjurations
   Level 3.2 Charms
   Level 1.0 Poison Magic


You had 4 spell levels left.
You knew the following spells:

 Your Spells              Type           Power        Failure   Level  Hunger
a - Magic Dart            Conj           #...         21%         1    N/A
b - Call Imp              Summ           #.......     32%         2    N/A
c - Blink                 Tloc           N/A          32%         2    N/A
d - Slow                  Hex            #.......     32%         2    N/A

Your spell library contained the following spells:

 Spells                   Type           Power        Failure   Level  Hunger
 Sandblast                Erth           #.....       22%         1    N/A
 Mephitic Cloud           Conj/Pois/Air  #.......     50%         3    N/A
 Conjure Flame            Conj/Fire      #.......     52%         3    N/A
 Stone Arrow              Conj/Erth      #.....       52%         3    N/A

Dungeon Overview and Level Annotations

Branches:
Dungeon (2/15)

Altars:


Innate Abilities, Weirdness & Mutations

You do not eat or drink.
Your flesh is vulnerable to fire.
You are immune to poison.
Your flesh is cold resistant. (rC+)
You are immune to negative energy. (rN+++)
You are immune to unholy pain and torment.
You can survive without breathing.


Message History

The goblin is moderately wounded.
The goblin misses you. The hobgoblin closely misses you.
Casting: Magic Dart (safe; 21% risk of failure)
Confirm with . or Enter, or press ? or * to list all spells.
Aiming: Magic Dart (safe; 21% risk of failure)
Press: ? - help, Shift-Dir - straight line, f/p - hobgoblin
Aim: a hobgoblin You miscast Magic Dart.
You feel a strange surge of energy! The goblin completely misses you.
The hobgoblin hits you.
* * * LOW HITPOINT WARNING * * *
Unknown command.
Casting: Magic Dart (safe; 21% risk of failure)
Confirm with . or Enter, or press ? or * to list all spells.
Aiming: Magic Dart (safe; 21% risk of failure)
Press: ? - help, Shift-Dir - straight line, f/p - hobgoblin
Aim: a hobgoblin You miscast Magic Dart.
Your skin tingles.
The goblin hits you.
* * * LOW HITPOINT WARNING * * *
The hobgoblin hits you.
You die...

##..#..# #.##.# #..# #..# #.
##..#..# #.##.######..###..#####.
##..#..# #.##....................
#......###............##########.
....###.############.## #. ...##
##.# #.###########. ...# #.#
#.##(†........ ...##
##.###########.##.#########
....###.#...†).g@g...##.#
.......##.#############.#
..........# #.# ...##.##### #.#
...##.# #.# ...##.# #.# #..##.##
#.# .......### #.# #####....# #.#


You could see a hobgoblin and a goblin.

Vanquished Creatures
  A dart slug (D:1)
  A leopard gecko (D:1)
  A giant cockroach (D:1)
  2 goblins (D:1)
  3 hobgoblins (D:1)
  A quokka (D:2)
  5 bats (D:1)
  A frilled lizard (D:1)
  3 kobolds (D:1)
  3 rats
21 creatures vanquished.

Notes
Turn   | Place    | Note
-------+----------+-------------------------------------------
     0 | D:1      | DrEnzyme the Mummy Wanderer began the quest for the Orb.
     0 | D:1      | DrEnzyme set off with the following items: a +0 robe, a +0
                  | club; and the following spells available to memorise: Magic
                  | Dart, Sandblast, Blink, Call Imp, Slow, Mephitic Cloud,
                  | Conjure Flame, Stone Arrow
     0 | D:1      | Reached XP level 1. HP: 13/13 MP: 5/5
     6 | D:1      | Learned a level 1 spell: Magic Dart
   238 | D:1      | Reached XP level 2. HP: 12/20 MP: 1/7
  1743 | D:2      | Learned a level 2 spell: Call Imp
  1746 | D:2      | Learned a level 2 spell: Blink
  1749 | D:2      | Learned a level 2 spell: Slow
  2294 | D:1      | Reached skill level 5 in Spellcasting
  2367 | D:1      | HP: 1/20 [goblin (4)]
  2367 | D:1      | Slain by a hobgoblin

Vault maps used:
D:1:      minmay_arrival_split_and_join
D:2:      uniq_sigmund

Skill      XL: |  1  2 |
---------------+-------+-----
Spellcasting   | 5 |  5.0
Fighting       | |  0.9
Stealth        | |  1.0
Shields        | |  1.0
Conjurations   | |  0.2
Charms         | |  3.2
Poison Magic   | |  1.0

Action                   || total
-------------------------++-------
Melee: Club              ||    20
       Short sword       ||    16
 Cast: Magic Dart        ||    67
Armor: Robe              ||    13
Dodge: Dodged            ||    52

Table legend:
 A = Non-vault XP
 B = Vault XP
 C = Vault XP percentage of total XP
 D = Non-vault monster count
 E = Vault monster count
 F = Vault count percentage of total count
                 A         B        C        D         E       F
            +---------+---------+-------+---------+---------+-------
      Total |      36 |       0 |   0.0 |      21 |       0 |   0.0
            +---------+---------+-------+---------+---------+-------
        D:1 |      33 |       0 |   0.0 |      19 |       0 |   0.0
        D:2 |       3 |       0 |   0.0 |       2 |       0 |   0.0
            +---------+---------+-------+---------+---------+-------
